 Dungeon Crawl Stone Soup version 0.28-a0-410-gbef64dd269 (webtiles) character file.

Game seed: 1918592655668989585

74 bande the Skirmisher (level 4, 0/29 HPs)
             Began as a Gargoyle Fighter on Sept 7, 2021.
             Slain by Grinder (2 damage)
             ... on level 3 of the Dungeon.
             The game lasted 00:02:19 (2065 turns).

bande the Skirmisher (Gargoyle Fighter)             Turns: 2065, Time: 00:02:19

Health: 0/29       AC: 10    Str: 20    XL:     4   Next: 28%
Magic:  4/4        EV:  9    Int:  8    God:
Gold:   113        SH:  4    Dex: 10    Spells: 3/3 levels left

rFire   . . .      SeeInvis .   a - +0 war axe
rCold   . . .      Faith    .   c - +0 buckler
rNeg    + . .      Spirit   .   b - +0 scale mail
rPois   ∞          Reflect  .   (no helmet)
rElec   +          Harm     .   (no cloak)
rCorr   .          Rampage  .   (no gloves)
Will    .....                   (no boots)
Stlth   ..........              (no amulet)
HPRegen 0.09/turn               (no ring)
MPRegen 0.09/turn               (no ring)

@: brilliant, attractive, flying
A: sickness immunity, AC +3, negative energy resistance 1, electricity
resistance, torment resistance 1, petrification resistance
a: no special abilities


You were on level 3 of the Dungeon.
You visited 1 branch of the dungeon, and saw 3 of its levels.

You collected 113 gold pieces.

Inventory:

Hand Weapons
 a - a +0 war axe (weapon)
Armour
 b - a +0 scale mail (worn)
 c - a +0 buckler (worn)
Jewellery
 g - a ring of protection from cold
 i - an amulet of the acrobat
Scrolls
 f - a scroll of teleportation
 j - 2 scrolls of identify {unknown}
Potions
 d - a potion of might
 h - a potion of attraction


   Skills:
 + Level 3.9 Fighting
 + Level 2.7 Axes
 + Level 3.8 Armour
 + Level 3.8 Shields


You had 3 spell levels left.
You didn't know any spells.
Your spell library was empty.

Dungeon Overview and Level Annotations

Branches:
Dungeon (3/15)

Altars:
The Shining One

Annotations:
D:3 Grinder


Innate Abilities, Weirdness & Mutations

You are immune to sickness and miasma.
Your stone body is resilient. (AC +3)
You are immune to poison.
You resist negative energy. (rN+)
You are resistant to electric shocks. (rElec)
You are resistant to unholy torment.
You are immune to petrification.


Message History

You are frozen.
You closely miss the bat.
The bat is severely wounded.
You hit Grinder. You slash the endoplasm!
You kill the endoplasm!
The bat hits you but does no damage. You block Grinder's attack.
The bat hits you but does no damage. Grinder hits you.
You writhe in agony.
You are too injured to fight recklessly!
You are too injured to fight recklessly!
Unknown command.
You closely miss Grinder.
Grinder is lightly wounded.
You hit the bat.
You kill the bat!
Grinder barely misses you.
Unknown command.
You slash Grinder!
Grinder is moderately wounded.
Grinder hits you.
You writhe in agony.
Grinder barely misses you.
Unknown command.
You barely miss Grinder.
Grinder is moderately wounded.
Grinder hits you.
* * * LOW HITPOINT WARNING * * *
You writhe in agony.
* * * LOW HITPOINT WARNING * * *
Unknown command.
It was a potion of attraction.
You feel attractive to monsters.
Grinder blinks!
Grinder is attracted toward you.
It was a potion of flight.
You feel very buoyant.
You fly up into the air.
Grinder gestures at you. Pain shoots through your body!
* * * LOW HITPOINT WARNING * * *
It was a potion of brilliance.
You feel clever all of a sudden. Grinder hits you.
You die...

### ..#### #.#(.
######## #.#.#####
.......#####.# #....§..#
.............# #.......+
.......####### #@5.....#
.........#######.#####..
..............>#.#
##############.#.###
...........# #.#...#
#...#...#..# #.###.#
.........._# #.....#
#...#...#..# #.#####
...........# #.#


You could see Grinder.

Vanquished Creatures
  3 adders
  2 worms (D:2)
  3 dart slugs
  5 ball pythons (D:2)
  3 endoplasms
  A giant cockroach (D:1)
  3 goblins
  4 hobgoblins
  A kobold (D:1)
  A quokka (D:1)
  4 bats
  2 frilled lizards (D:1)
  2 rats (D:2)
34 creatures vanquished.

Notes
Turn   | Place    | Note
-------+----------+-------------------------------------------
     0 | D:1      | bande the Gargoyle Fighter began the quest for the Orb.
     0 | D:1      | Reached XP level 1. HP: 14/14 MP: 1/1
   268 | D:1      | Reached XP level 2. HP: 13/19 MP: 2/2
   486 | D:1      | Found a faded altar of an unknown god.
   821 | D:2      | Reached XP level 3. HP: 22/24 MP: 3/3
  1867 | D:3      | Reached XP level 4. HP: 29/29 MP: 4/4
  1982 | D:3      | Found a glowing golden altar of the Shining One.
  2051 | D:3      | Noticed Grinder
  2065 | D:3      | Slain by Grinder

Illustrated notes

Levels and vault maps discovered:
D:1:      minmay_arrival_solitary_statue, layout_basic,
          shapermc_ecumenical_altar_mp_urbaneastern
D:2:      layout_basic, minmay_misc_feat_tower
D:3:      layout_basic, lemuel_coloured_pillars_altar,
          nemelex_diamond_rough_becter,
          nicolae_gozag_cash_rules_everything_around_me, uniq_grinder

Skill      XL: |  1  2 |
---------------+-------+-----
Axes           | 2 |  2.7
Fighting       | |  3.9
Armour         | |  3.8
Shields        | |  3.8

Action                   |  1- 3 |  4- 6 || total
-------------------------+-------+-------++-------
Melee: War axe           |   113 |    20 ||   133
  Use: Scroll            |     2 |       ||     2
       Potion            |     1 |     3 ||     4
Armor: Scale mail        |    58 |    12 ||    70
Dodge: Dodged            |    45 |    13 ||    58
Block: Buckler           |    22 |     4 ||    26

Table legend: (Time is in decaauts)
 A = Elapsed time spent in this place.
 B = Non-inter-level travel time spent in this place.
 C = Inter-level travel time spent in this place.
 D = Time resting spent in this place.
 E = Time spent auto-exploring this place.
 F = Levels seen in this place.
 G = Mean time per level.
                   A        B        C        D        E       F      G
               +--------+--------+--------+--------+--------+-----+--------+
         Total |   2117 |   2095 |     22 |    140 |   1579 |   3 |  705.7 |
       Dungeon |   2117 |   2095 |     22 |    140 |   1579 |   3 |  705.7 |
               +--------+--------+--------+--------+--------+-----+--------+

Top non-repeatable levels by time:
     D:2: 1067 daAuts
     D:1: 683 daAuts
     D:3: 366 daAuts
